 Dungeon Crawl Stone Soup version 0.28-a0-1235-g7c8fac35f0 (webtiles) character file.

Game seed: 11095730004459521911

8650 Zonian the Destroyer (level 11, -1/91 HPs)
             Began as a Red Draconian Conjurer on Dec 25, 2021.
             Was an Initiate of Gozag.
             Slain by a komodo dragon (21 damage)
             ... on level 1 of the Lair of Beasts.
             The game lasted 00:40:49 (19456 turns).

Zonian the Destroyer (Red Draconian Conjurer)      Turns: 19456, Time: 00:40:55

Health: -1/91      AC:  7    Str:  9    XL:     11   Next: 12%
Magic:  0/30       EV: 16    Int: 19    God:    Gozag
Gold:   117        SH:  0    Dex: 18    Spells: 17/23 levels left

rFire   + . .      SeeInvis .   t - +3 spear (venom)
rCold   . . .      Faith    .   (no shield)
rNeg    . . .      Spirit   +   (armour unavailable)
rPois   .          Reflect  .   (helmet restricted)
rElec   +          Harm     .   (no cloak)
rCorr   +          Rampage  .   (no gloves)
Will    .....                   (no boots)
Stlth   ++++......              m - amulet of guardian spirit
HPRegen 0.25/turn               a - ring of Xom's Fair Game {rElec rCorr MP+9 Int-2}
MPRegen 0.22/turn               B - +6 ring of dexterity

@: lethally poisoned (-1 -> -2), short of breath, gold aura, hasted, very quick
A: breathe fire, AC +7, unfitting armour, fire resistance 1, cold-blooded
a: Breathe Fire, Renounce Religion, Potion Petition, Call Merchant, Bribe Branch


You were on level 1 of the Lair of Beasts.
You worshipped Gozag.
Gozag was aware of your devotion.
You visited 3 branches of the dungeon, and saw 12 of its levels.

You collected 1593 gold pieces.
You spent 78 gold pieces at shops.
You paid 1398 gold pieces to Gozag.

Inventory:

Hand Weapons
 c - a +1 dagger of protection
 t - a +3 spear of venom (weapon)
 u - a +0 spear
 w - a +3 shortbow
 z - a +0 halberd of protection
Missiles
 g - 5 silver javelins
 n - 49 poisoned darts
 x - 117 arrows
Jewellery
 a - the ring of Xom's Fair Game (left hand) {rElec rCorr MP+9 Int-2}
   (You acquired it on level 4 of the Dungeon)

   [ring of magical power]

   Int:       It affects your intelligence (-2).
   rElec:     It insulates you from electricity.
   MP:        It affects your magic capacity (+9).
   rCorr:     It protects you from acid and corrosion.
 m - an amulet of guardian spirit (around neck)
 r - an amulet of regeneration
 A - an amulet of reflection
 B - a +6 ring of dexterity (right hand)
Wands
 f - a wand of iceblast (12)
Scrolls
 e - 3 scrolls of magic mapping {unknown}
 h - a scroll of identify
 k - 3 scrolls of vulnerability
 q - a scroll of fear
 v - 2 scrolls of teleportation
 y - a scroll of blinking
 C - a scroll of enchant armour
Potions
 b - a potion of might {unknown}
 d - a potion of brilliance
 i - 3 potions of flight
 j - a potion of heal wounds
 l - 3 potions of mutation
 o - a potion of berserk rage {unknown}
 p - 2 potions of attraction
 s - a potion of resistance {unknown}


   Skills:
 + Level 6.4 Fighting
 + Level 5.8 Polearms
 + Level 6.8 Dodging
 + Level 7.4 Stealth
 + Level 6.9 Spellcasting
 + Level 8.2 Conjurations
 + Level 3.2 Air Magic
 + Level 3.1 Poison Magic


You had 17 spell levels left.
You knew the following spells:

 Your Spells              Type           Power      Damage    Failure   Level
a - Magic Dart            Conj           100%       1d8       1%          1
b - Searing Ray           Conj           76%        2d7       1%          2
c - Mephitic Cloud        Conj/Pois/Air  25%        N/A       4%          3

Your spell library contained the following spells:

 Spells                   Type           Power      Damage    Failure   Level
 Conjure Flame            Conj/Fire      22%        6-21      5%          3
 Dazzling Flash           Conj/Hex       44%        N/A       5%          3
 Animate Skeleton         Necr           12%        N/A       11%         1
 Apportation              Tloc           12%        N/A       11%         1
 Beastly Appendage        Tmut           12%        N/A       11%         1
 Summon Small Mammal      Summ           24%        N/A       11%         1
 Call Imp                 Summ           6%         N/A       16%         2
 Ensorcelled Hibernation  Hex/Ice        12%        N/A       16%         2
 Scorch                   Fire           12%        2d6       16%         2
 Wereblood                Tmut           6%         N/A       16%         2
 Spider Form              Tmut/Pois      12%        N/A       16%         3
 Flame Wave               Conj/Fire      22%        2d6       19%         4
 Fulminant Prism          Conj/Hex       11%        3d9       19%         4
 Iskenderun's Mystic Bla  Conj/Tloc      22%        2d6       19%         4
 Sticky Flame             Conj/Fire      22%        2d4       19%         4
 Ignite Poison            Fire/Tmut/Pois 10%        N/A       21%         3
 Gell's Gravitas          Tloc           6%         N/A       30%         3
 Portal Projectile        Hex/Tloc       12%        N/A       30%         3
 Teleport Other           Tloc           6%         N/A       30%         3
 Tukima's Dance           Hex            6%         N/A       30%         3
 Blade Hands              Tmut           3%         N/A       96%         5
 Excruciating Wounds      Necr           3%         N/A       96%         5
 Lee's Rapid Deconstruct  Erth           3%         3d6*      96%         5
 Dispersal                Tloc           3%         N/A       100%        6
 Summon Cactus Giant      Summ           3%         N/A       100%        6


Dungeon Overview and Level Annotations

Branches:
Dungeon (10/15)            Temple (1/1) D:4            Lair (1/6) D:10
    Orc: D:9-12

Altars:
Ashenzari
Cheibriados
Dithmenos
Elyvilon
Fedhas
Gozag
Hepliaklqana
Kikubaaqudgha
Makhleb
Nemelex Xobeh
Okawaru
Qazlal
Ru
Sif Muna
Trog
Uskayaw
Vehumet
Wu Jian
Xom
Yredelemnul
Zin
The Shining One

Shops:
D:3 (   D:6 ?   D:9 *

Annotations:
D:7 5 runed translucent doors


Innate Abilities, Weirdness & Mutations

You can breathe blasts of fire.
Your fiery red scales are hard. (AC +7)
You cannot fit into any form of body armour.
Your flesh is heat resistant. (rF+)
You are cold-blooded and may be slowed by cold attacks.


Message History

You are too injured to fight recklessly!
Unknown command.
Aiming: Breathe Fire (3% risk of failure)
Press: ? - help, Shift-Dir - straight line, f/p - black mamba
Aim: a black mamba (heavily wounded)
You breathe a blast of fire.
The fiery breath hits the black mamba!
The black mamba is almost dead.
You feel sick.
You hear an angry hiss.
The black mamba bites you! The black mamba closely misses you.
You barely miss the black mamba.
The black mamba is almost dead.
You feel sick. The black mamba barely misses you. x2
You completely miss the black mamba.
The black mamba is almost dead.
You feel sick. The black mamba misses you.
Unknown command.
You hit the black mamba.
The black mamba is almost dead.
You feel sick. The black mamba closely misses you.
You hit the black mamba.
You kill the black mamba!
You feel sick.
Unknown command.
A komodo dragon comes into view.
You feel sick.
The komodo dragon hisses angrily.
You see here 5 gold pieces.
You feel sick.
You feel sick. The komodo dragon bites you!!
* * * LOW HITPOINT WARNING * * *
[a] - 405 gold - haste and heal wounds [b] - 528 gold - heal wounds, lignification, might and resistance [c] - 330 gold - haste and heal wounds Purchase which effect?
You no longer have enough gold to petition Gozag for potion effects.
You feel yourself speed up.
You feel much better.
You feel sick. The komodo dragon bites you!!
You die...
Your body crumbles into a pile of gold.

.## .... ...## ....#
##...### .. #..
#......## ##.# $ #...
###...#....##...#
....##.@l.#.#........#
.........###.........##
.#.....$###..........P#
##....................
##................#
#..............### .#
###.....##.....# .#
#...######...# .. #..##
####..## ##..


You could see a komodo dragon.

Vanquished Creatures
  A two-headed ogre (D:10)
  Erica (D:8)
  Maurice (D:8)
  2 centaur zombies
  A black mamba (Lair:1)
  Psyche (D:8)
  A komodo dragon (Lair:1)
  A hornet (D:10)
  A dream sheep (shapeshifter) (D:10)
  A wraith (D:10)
  A shadow (D:9)
  A vampire (D:10)
  2 wyverns (Lair:1)
  11 yaks (D:10)
  4 water moccasins
  An ice beast (D:8)
  A black bear (D:7)
  5 ogres
  A necrophage (D:5)
  5 centaurs
  A kobold brigand (D:8)
  A gnoll sergeant (D:4)
  3 bullfrogs
  3 scorpions
  A water moccasin skeleton (D:6)
  4 wights (D:9)
  3 howler monkeys
  2 hounds
  A gnoll shaman (D:4)
  A bullfrog skeleton (D:7)
  4 iguanas
  Natasha (thrice) (D:2)
  3 orc wizards
  13 gnolls
  A howler monkey skeleton (D:7)
  6 adders
  2 white imps
  2 worms
  4 dart slugs
  29 orcs
  9 endoplasms
  3 giant cockroaches
  16 goblins
  7 hobgoblins
  4 jackals (D:2)
  5 kobolds
  A quokka (D:1)
  7 ball pythons
  9 bats
  6 frilled lizards
  2 rats (D:2)
199 creatures vanquished.

Vanquished Creatures (others)
  Robin (D:2)
  5 fungi (Lair:1)
  15 plants
21 creatures vanquished.

Grand Total: 220 creatures vanquished

Notes
Turn   | Place    | Note
-------+----------+-------------------------------------------
     0 | D:1      | Zonian the Draconian Conjurer began the quest for the Orb.
     0 | D:1      | Reached XP level 1. HP: 14/14 MP: 3/3
   248 | D:1      | Reached XP level 2. HP: 14/20 MP: 0/5
  1266 | D:1      | Reached XP level 3. HP: 26/26 MP: 6/6
  1359 | D:1      | Found a faded altar of an unknown god.
  1912 | D:2      | Found a bloodstained altar of Trog.
  1960 | D:2      | Noticed Natasha
  1979 | D:2      | Killed Natasha
  1980 | D:2      | Reached XP level 4. HP: 18/33 MP: 0/7
  2114 | D:2      | Noticed Natasha
  2156 | D:2      | Killed Natasha
  2493 | D:2      | Noticed Robin
  2520 | D:2      | Killed Robin
  3052 | D:2      | Learned a level 2 spell: Searing Ray
  3100 | D:2      | Noticed Natasha
  3105 | D:2      | Killed Natasha
  3106 | D:2      | Reached XP level 5. HP: 34/38 MP: 2/9
  4456 | D:3      | Found Silutz's Weapon Emporium.
  4991 | D:3      | Found a faded altar of an unknown god.
  4996 | D:3      | Found a hazy altar of Hepliaklqana.
  5592 | D:4      | Identified a scroll of acquirement
  5592 | D:4      | Acquired the ring of Xom's Fair Game {rElec rCorr MP+9
                  | Int-2}
  5862 | D:4      | You fall into a shaft and drop 1 floor!
  5862 | D:5      | Entered Level 5 of the Dungeon
  5875 | D:5      | Reached skill level 5 in Conjurations
  5890 | D:5      | Noticed a centaur
  6384 | D:4      | Reached XP level 6. HP: 45/45 MP: 11/11
  6386 | D:4      | Found a staircase to the Ecumenical Temple.
  6500 | Temple   | Entered the Ecumenical Temple
  6842 | Temple   | Became a worshipper of Gozag Ym Sagoz the Greedy
  7395 | D:4      | HP: 2/45 [gnoll sergeant (5)]
  8318 | D:4      | Your scales start taking on a fiery red colour.
  8318 | D:4      | Reached XP level 7. HP: 8/50 MP: 2/12
  8318 | D:4      | Gained mutation: Your flesh is heat resistant. (rF+) [Red
                  | Draconian growth]
  9766 | D:5      | Reached skill level 1 in Fighting
  9868 | D:5      | Reached skill level 1 in Polearms
 10256 | D:6      | Reached skill level 6 in Conjurations
 10256 | D:6      | Reached XP level 8. HP: 44/61 MP: 11/14
 10387 | D:6      | Found Tamema Ango's Magic Scroll Shoppe.
 10390 | D:6      | Bought a scroll of fear for 42 gold pieces
 10390 | D:6      | Bought a scroll of teleportation for 36 gold pieces
 11092 | D:6      | Reached skill level 5 in Stealth
 11456 | D:6      | Reached skill level 5 in Spellcasting
 12036 | D:7      | Found a runed translucent door.
 12040 | D:7      | Found a runed translucent gate.
 12040 | D:7      | Found a runed translucent gate.
 12051 | D:7      | Found a runed translucent door.
 12052 | D:7      | Found the +9 staff of Olgreb {rPois∞}
 12075 | D:7      | Found a runed translucent gate.
 12202 | D:7      | Reached skill level 5 in Dodging
 12309 | D:7      | Reached XP level 9. HP: 70/71 MP: 16/16
 13300 | D:8      | Noticed Maurice
 13748 | D:8      | Reached skill level 7 in Conjurations
 13780 | D:8      | Killed Maurice
 14153 | D:8      | Noticed Erica
 14170 | D:8      | Killed Erica
 14171 | D:8      | Reached skill level 5 in Fighting
 14326 | D:8      | Noticed Psyche
 14338 | D:8      | Killed Psyche
 14339 | D:8      | Reached XP level 10. HP: 67/81 MP: 19/19
 14511 | D:8      | Learned a level 3 spell: Mephitic Cloud
 15450 | D:9      | Found Harphi Nae's Assorted Antiques.
 15594 | D:9      | Noticed a two-headed ogre
 15692 | D:9      | Noticed a gargoyle
 16109 | D:10     | Entered Level 10 of the Dungeon
 16119 | D:10     | Noticed a two-headed ogre
 16133 | D:10     | Reached skill level 1 in Poison Magic
 16511 | D:10     | Reached skill level 1 in Air Magic
 16851 | D:10     | Found a staircase to the Lair.
 16909 | D:10     | Killed a two-headed ogre
 16910 | D:10     | Reached skill level 5 in Polearms
 16935 | D:10     | HP: 2/83 [centaur warrior zombie (6)]
 16942 | D:10     | HP: 2/83 [centaur warrior zombie (6)]
 16947 | D:10     | HP: 3/83 [centaur warrior zombie (9)]
 16947 | D:10     | HP: 1/83 [centaur warrior zombie (2)]
 17565 | D:10     | Reached skill level 8 in Conjurations
 18696 | Lair:1   | Entered Level 1 of the Lair of Beasts
 18870 | Lair:1   | Reached XP level 11. HP: 68/89 MP: 21/21
 19455 | Lair:1   | HP: 4/91 [komodo dragon (18)]
 19456 | Lair:1   | Slain by a komodo dragon

Illustrated notes

Levels and vault maps discovered:
D:1:      heliophobic_arrival_glass_houses, layout_basic, serial_glass,
          glass_columns_c, glass_columns_a,
          hellmonk_ecumenical_altar_inner_sanctum,
          hangedman_decor_clover_reticule
D:2:      layout_loops_ring, basic_altar, uniq_robin, uniq_natasha
D:3:      layout_rooms, nicolae_overflow_ecumenical_swirl, serial_shops,
          nicolae_shop_window_shopping, minmay_misc_feat_tiny,
          serial_bayou_crossing
D:4:      layout_basic, minmay_temple_entry_wispy
D:5:      layout_basic
D:6:      layout_loops_corners, serial_shops, kennysheep_mini_moat
D:7:      layout_rooms, minmay_guarded_unrand_staff_of_olgreb
D:8:      layout_basic, uniq_maurice, uniq_psyche, uniq_erica
D:9:      layout_basic, serial_shops, nicolae_shop_overgrown_old_shop
D:10:     layout_big_octagon, dpeg_oklobed_lair
Temple:   mainiacjoe_temple_circle_huts
Lair:1:   layout_layer_cave, minmay_stone_trees_small, lemuel_fruit_fields,
          grunt_megastairs_5

Skill      XL: |  1  2  3  4  5  6  7  8  9 10 11 |
---------------+----------------------------------+-----
Dodging        | 2 3 4 5 6 |  6.8
Stealth        | 2 3 4 5 6 7 |  7.4
Spellcasting   | 3 4 5 6 |  6.9
Conjurations   | 5 6 7 8 |  8.2
Fighting       | 2 3 5 6 |  6.4
Polearms       | 1 3 4 5 |  5.8
Poison Magic   | 2 3 |  3.1
Air Magic      | 3 |  3.2

Action                   |  1- 3 |  4- 6 |  7- 9 | 10-12 || total
-------------------------+-------+-------+-------+-------++-------
Melee: Unarmed           |    26 |       |       |       ||    26
       Dagger            |    28 |    52 |     5 |    11 ||    96
       Tailslap          |     4 |     3 |    17 |    65 ||    89
       Spear             |       |       |   125 |   359 ||   484
       Halberd           |       |       |       |     8 ||     8
Throw: Javelin           |       |       |       |     2 ||     2
 Cast: Magic Dart        |    60 |   192 |   207 |    12 ||   471
       Searing Ray       |       |     3 |     8 |       ||    11
Invok: Potion Petition   |       |       |       |     3 ||     3
 Abil: Breathe Fire      |       |       |     9 |     9 ||    18
Evoke: Wand              |       |     4 |     5 |    11 ||    20
  Use: Scroll            |       |     9 |     4 |     8 ||    21
       Potion            |       |     3 |       |     7 ||    10
 Stab: Sleeping          |       |       |     2 |     2 ||     4
       Distracted        |       |       |       |     1 ||     1
Armor: Skin              |    35 |    55 |    49 |    89 ||   228
Dodge: Dodged            |    90 |    62 |   143 |   224 ||   519

Table legend: (Time is in decaauts)
 A = Elapsed time spent in this place.
 B = Non-inter-level travel time spent in this place.
 C = Inter-level travel time spent in this place.
 D = Time resting spent in this place.
 E = Time spent auto-exploring this place.
 F = Levels seen in this place.
 G = Mean time per level.
                   A        B        C        D        E       F      G
               +--------+--------+--------+--------+--------+-----+--------+
         Total |  19455 |  18782 |    673 |   8743 |   7376 |  12 | 1621.2 |
       Dungeon |  18356 |  17693 |    663 |   8743 |   6477 |  10 | 1835.6 |
        Temple |    352 |    342 |     10 |      0 |    309 |   1 |  352.0 |
          Lair |    745 |    745 |      0 |      0 |    590 |   1 |  745.0 |
               +--------+--------+--------+--------+--------+-----+--------+

Top non-repeatable levels by time:
     D:4: 3565 daAuts
    D:10: 2599 daAuts
     D:2: 2389 daAuts
     D:1: 1751 daAuts
     D:6: 1612 daAuts
     D:8: 1506 daAuts
     D:7: 1467 daAuts
     D:9: 1329 daAuts
     D:3: 1216 daAuts
     D:5: 919 daAuts
  Lair:1: 745 daAuts
  Temple: 352 daAuts
